 Dungeon Crawl Stone Soup version 0.24.1-14-gf8d2b509d9 (webtiles) character file.

Game seed: 17728270913105527521, levelgen mode: deterministic

53 DogServant the Chiller (level 3, -6/27 HPs)
             Began as a Draconian Ice Elementalist on Oct 30, 2020.
             Mangled by Sigmund
             ... wielding a +0 scythe
              (10 damage)
             ... on level 2 of the Dungeon.
             The game lasted 00:03:31 (1531 turns).

DogServant the Chiller (Draconian Ice Elementalist) Turns: 1531, Time: 00:03:31

Health: -6/27      AC:  6    Str: 10    XL:     3   Next: 64%
Magic:  0/7        EV: 12    Int: 16    God:
Gold:   38         SH:  0    Dex: 13    Spells: 4/7 levels left

rFire    . . .     SeeInvis .   f - +0 short sword
rCold    . . .     Gourm    .   (no shield)
rNeg     . . .     Faith    .   (armour unavailable)
rPois    .         Spirit   .   (helmet restricted)
rElec    .         Reflect  .   (no cloak)
rCorr    .         Harm     .   m - +0 pair of gloves
MR       .....     Rnd*Tele +   (no boots)
Stlth    ++........             (no amulet)
HPRegen  0.09/turn              g - +2 ring of dexterity
MPRegen  0.10/turn              j - ring of teleportation (curse)

@: no status effects
A: unfitting armour, cold-blooded, AC +5
a: no special abilities


You were on level 2 of the Dungeon.
You were not hungry.

You visited 1 branch of the dungeon, and saw 2 of its levels.

You collected 38 gold pieces.

Inventory:

Hand Weapons
 f - a +0 short sword (weapon)
Armour
 m - a +0 pair of gloves (worn)
Jewellery
 g - a +2 ring of dexterity (left hand)
 j - a cursed ring of teleportation (right hand)
Potions
 c - a potion of haste
Comestibles
 b - a ration


   Skills:
 + Level 0.9 Fighting
 - Level 1.7 Dodging
 - Level 1.7 Stealth
 + Level 2.8 Spellcasting
 + Level 1.4 Conjurations
 + Level 3.7 Ice Magic


You had 4 spell levels left.
You knew the following spells:

 Your Spells              Type           Power        Failure   Level  Hunger
a - Freeze                Ice            ##..         4%          1    #......
b - Throw Frost           Conj/Ice       ##....       10%         2    ##.....

Your spell library contained the following spells:

 Spells                   Type           Power        Failure   Level  Hunger
 Ozocubu's Armour         Chrm/Ice       #.......     26%         3    ###....
 Throw Icicle             Conj/Ice       ##......     54%         4    #####..
 Summon Ice Beast         Ice/Summ       #.......     65%         4    #####..


Dungeon Overview and Level Annotations

Branches:
Dungeon (2/15)

Altars:
Elyvilon
Nemelex Xobeh
Qazlal

Annotations:
D:2 Sigmund


Innate Abilities, Weirdness & Mutations

Your plain brown scales are hard. (AC +5)
You cannot fit into any form of body armour.
You are cold-blooded and may be slowed by cold attacks.


Message History

The giant cockroach barely misses you.
Sigmund smiles chillingly.
Sigmund barely misses you.
The giant cockroach waves its antennae.
The giant cockroach bites you but does no damage.
You're too confused to move!
The giant cockroach barely misses you.
Sigmund mumbles some strange words.
Sigmund flickers and vanishes!
Deactivating autopickup; reactivate with Ctrl-A.
The giant cockroach barely misses you. Something hits you.
* * * LOW HITPOINT WARNING * * *
The giant cockroach completely misses you.
You bump into the rock wall.
The giant cockroach bites you but does no damage.
Something hits you but does no damage. The giant cockroach closely misses you.
You bump into the rock wall.
You feel less confused. The giant cockroach barely misses you.
Something hits you!
You die...

############
#..(.......#
#.......{s.#
.............@#
............$.#
###..............#
#................#
.........._.<....#
#................#
...[....8....#####
.............
.)...._..


You could see a giant cockroach.

Vanquished Creatures
  2 adders (D:2)
  An ooze (D:2)
  A ball python (D:1)
  3 giant cockroaches (D:1)
  4 goblins (D:1)
  3 hobgoblins (D:1)
  6 bats
  4 kobolds
  4 rats (D:1)
28 creatures vanquished.

Notes
Turn   | Place    | Note
-------+----------+-------------------------------------------
     0 | D:1      | DogServant the Draconian Ice Elementalist began the quest
                  | for the Orb.
     0 | D:1      | Reached XP level 1. HP: 14/14 MP: 3/3
   110 | D:1      | Reached XP level 2. HP: 13/20 MP: 0/5
   695 | D:1      | Learned a level 2 spell: Throw Frost
   996 | D:2      | Reached XP level 3. HP: 24/27 MP: 0/7
  1079 | D:2      | Found a white marble altar of Elyvilon.
  1141 | D:2      | Found a sparkling altar of Nemelex Xobeh.
  1281 | D:2      | HP: 1/27 [poisoned by an adder]
  1485 | D:2      | Found a stormy altar of Qazlal.
  1485 | D:2      | Noticed Sigmund
  1531 | D:2      | Mangled by Sigmund

Levels and vault maps discovered:
D:1:      sevenhm_arrival_forest_fort_small_4, layout_loops_corners
D:2:      layout_rooms, lemuel_round_altar, tgw_trog,
          grunt_temple_overflow_open, uniq_natasha, uniq_robin, uniq_sigmund

Action                   || total
-------------------------++-------
Melee: Unarmed           ||    25
       Tailslap          ||    10
       Short sword       ||    61
 Cast: Freeze            ||    23
       Throw Frost       ||     6
  Use: Potion            ||     5
       Scroll            ||     3
 Stab: Sleeping          ||     3
  Eat: Ration            ||     1
Armor: Skin              ||    78
Dodge: Dodged            ||   113
